Map: Site Delta LE

Players

IlIlIlIlIlIl - Winner!

  • Race: Protoss Protoss
  • League: Master
  • Spawn Location: 11:00

Miszu

  • Race: Terran Terran
  • League: Grandmaster
  • Spawn Location: 5:00

VOD

Have the link to the VOD?

Description

Strange's Sentry First PvT (2)

Time

  • Played on: March 1, 2024, 2:25 p.m.
  • Length: 13:21
Show
View Real Time Build Order
Export as new Build Order

IlIlIlIlIlIl Protoss - Winner!

Build Orders: 1 Gate Expand, Blink Stalkers 

Get SALT Encoding   

  12  0:00  Probe  
  13  0:12  Probe  
  14  0:18  Pylon  
  14  0:24  Probe (Chrono Boost)  
  15  0:36  Gateway  
  15  0:37  Probe (Chrono Boost)  
  16  0:44  Probe (Chrono Boost)  
  16  0:45  Assimilator  
  17  0:51  Probe  
  18  1:03  Probe  
  19  1:15  Probe  
  20  1:23  Cybernetics Core  
  20  1:32  Nexus  
  20  1:39  Pylon  
  20  1:41  Probe  
  20  1:46  Assimilator  
  21  1:53  Probe  
  22  1:59  Sentry (Chrono Boost)  
  24  2:04  Shield Battery  
  24  2:05  Probe  
  25  2:10  Warp Gate  
  25  2:14  Stalker (Chrono Boost)  
  25  2:17  Probe  
  28  2:24  Phoenix  
  28  2:25  Shield Battery  
  29  2:30  Probe  
  29  2:37  Twilight Council  
  30  2:44  Probe (Chrono Boost)  
  30  2:46  Probe (Chrono Boost)  
  31  2:54  Probe (Chrono Boost)  
  31  2:56  Probe (Chrono Boost)  
  33  2:59  Probe, Gateway  
  34  3:06  Probe  
  34  3:07  Blink (Chrono Boost)  
  34  3:11  Probe  
  36  3:18  Probe  
  37  3:24  Probe  
  37  3:25  Gateway  
  38  3:30  Probe  
  38  3:34  Robotics Facility  
  39  3:36  Probe  
  39  3:37  Pylon  
  40  3:42  Probe  
  40  3:48  Probe  
  42  3:54  Probe  
  43  3:59  Pylon, Stalker x2  
  43  4:00  Probe  
  48  4:11  Nexus  
  48  4:18  Shield Battery  
  48  4:23  Stalker x2  
  53  4:25  Observer  
  53  4:28  Stalker  
  55  4:31  Pylon  
  55  4:33  Probe x2  
  57  4:39  Assimilator  
  56  4:46  Stalker x2  
  56  4:48  Probe  
  56  4:51  Probe  
  62  4:55  Stalker  
  62  4:56  Observer  
  64  5:00  Probe  
  64  5:03  Probe  
  62  5:12  Probe (Chrono Boost), Forge  
  62  5:13  Forge  
  63  5:16  Probe (Chrono Boost)  
  63  5:19  Charge (Chrono Boost)  
  64  5:24  Probe (Chrono Boost)  
  64  5:26  Zealot, Sentry  
  64  5:28  Probe (Chrono Boost)  
  71  5:30  Probe (Chrono Boost)  
  71  5:33  Probe (Chrono Boost)  
  71  5:34  Probe (Chrono Boost)  
  73  5:37  Probe (Chrono Boost)  
  73  5:38  Probe (Chrono Boost)  
  73  5:42  Probe  
  71  5:47  Protoss Ground Armor Level 1 (Chrono Boost)  
  71  5:48  Probe  
  73  5:50  Probe, Gateway  
  73  5:52  Gateway  
  73  5:54  Probe  
  73  5:56  Gateway  
  75  5:57  Protoss Ground Weapons Level 1 (Chrono Boost)  
  75  6:04  Zealot, Gateway  
  77  6:05  Pylon  
  77  6:06  Gateway  
  77  6:09  Immortal  
  81  6:12  Pylon  
  81  6:19  Observer, Sentry  
  81  6:20  Zealot  
  81  6:24  Photon Cannon  
  81  6:25  Pylon  
  85  6:37  Pylon  
  85  6:40  Zealot x2  
  85  6:43  Pylon  
  85  6:46  Zealot x2  
  93  6:48  Immortal  
  95  6:55  Zealot  
  95  6:56  Zealot  
  95  7:03  Stalker x4  
  95  7:08  Zealot x2, Assimilator  
  107  7:22  Zealot x2  
  103  7:27  Zealot x3  
  109  7:35  Zealot x3, Protoss Ground Armor Level 2 (Chrono Boost)  
  99  7:45  Observer  
  89  7:58  Zealot x2  
  89  7:59  Zealot x6  
  89  8:03  Robotics Bay  
  89  8:04  Protoss Ground Weapons Level 2 (Chrono Boost)  
  105  8:07  Probe x2  
  105  8:08  Pylon  
  107  8:13  Pylon  
  107  8:18  Robotics Facility  
  108  8:20  Probe x3, Nexus  
  108  8:21  Pylon  
  110  8:27  Zealot  
  110  8:28  Zealot x4  
  120  8:40  Sentry x2  
  120  8:41  Photon Cannon  
  124  8:42  Shield Battery, Stalker  
  124  8:43  Pylon  
  124  8:47  Colossus (Chrono Boost)  
  132  9:01  Pylon  
  132  9:02  Pylon  
  132  9:03  Extended Thermal Lance, Pylon  
  135  9:22  Colossus (Chrono Boost)  
  133  9:26  Zealot x7  
  147  9:35  Colossus  
  147  9:38  Probe x4  
  155  9:48  Protoss Ground Armor Level 3 (Chrono Boost)  
  155  9:50  Probe  
  156  9:56  Photon Cannon  
  156  9:57  Photon Cannon  
  156  9:58  Shield Battery  
  156  9:59  Pylon  
  156  10:04  Zealot x3  
  160  10:09  Zealot x2  
  160  10:13  Zealot  
  160  10:14  Zealot  
  136  10:32  Stalker x5  
  134  10:36  Protoss Ground Weapons Level 3 (Chrono Boost)  
  134  10:37  Zealot x3  
  138  10:43  Probe  
  138  10:44  Probe x2  
  141  10:52  Colossus (Chrono Boost)  
  141  10:55  Pylon  
  141  10:56  Warp Prism (Chrono Boost)  
  147  11:07  Zealot x4  
  155  11:16  Zealot x4  
  157  11:29  Observer  
  157  11:30  Zealot x3  
  135  11:35  Colossus (Chrono Boost)  
  135  11:39  Zealot x3, Sentry  
  155  11:42  Colossus (Chrono Boost)  
  149  11:51  Nexus  
  147  12:00  Zealot x7  
  161  12:16  Zealot  
  161  12:21  Probe  
  161  12:22  Probe, Disruptor  
  165  12:23  Photon Cannon  
  165  12:25  Shield Battery  
  165  12:29  Disruptor  
  163  12:34  Zealot x3, Stalker x4  
  177  12:39  Probe x4  
  177  12:47  Zealot  
  176  12:51  Probe  
  170  13:03  Zealot x2  
  170  13:04  Zealot x5  
Show
View Real Time Build Order
Export as new Build Order

Miszu Terran 

Build Orders:  

Get SALT Encoding   

  12  0:00  SCV  
  13  0:12  SCV  
  14  0:16  Supply Depot  
  14  0:24  SCV  
  15  0:38  SCV  
  15  0:40  Barracks  
  16  0:44  Refinery  
  16  0:50  SCV  
  17  1:02  SCV  
  18  1:14  SCV  
  19  1:26  Orbital Command  
  19  1:28  Marine  
  20  1:38  Command Center  
  20  1:46  Barracks Reactor  
  20  1:49  Supply Depot  
  20  1:53  SCV  
  21  2:03  Barracks  
  21  2:05  SCV  
  22  2:12  Barracks  
  22  2:17  SCV  
  22  2:22  Marine x2  
  23  2:25  Refinery  
  23  2:29  SCV  
  26  2:40  Marine x2  
  26  2:44  SCV  
  29  2:50  Barracks Tech Lab  
  29  2:52  Orbital Command  
  29  2:56  SCV  
  29  2:58  Marine x2  
  31  3:00  Barracks Tech Lab  
  32  3:08  SCV, Marine, Stimpack  
  34  3:16  Marine x2  
  34  3:17  SCV  
  37  3:20  SCV  
  37  3:22  Combat Shield  
  37  3:25  Supply Depot  
  38  3:29  SCV  
  38  3:32  SCV  
  38  3:34  Marauder x2  
  44  3:39  Supply Depot  
  44  3:42  SCV  
  44  3:44  SCV  
  44  3:46  Marine x2  
  48  3:55  SCV, Marauder x2  
  53  3:56  SCV  
  53  4:00  Factory  
  54  4:04  Supply Depot  
  54  4:07  SCV  
  54  4:08  SCV  
  56  4:10  Marine  
  56  4:11  Marine  
  60  4:17  Marauder  
  60  4:18  Marauder  
  62  4:25  SCV x2  
  62  4:26  Supply Depot  
  64  4:33  Marine x2  
  64  4:37  SCV x2  
  70  4:38  Marauder  
  70  4:43  Supply Depot  
  70  4:48  Marauder, Supply Depot  
  70  4:49  SCV  
  70  4:50  Starport, Factory Reactor, Marine  
  72  4:55  SCV  
  71  5:01  SCV  
  71  5:05  Concussive Shells, Marauder  
  61  5:07  SCV  
  61  5:08  Refinery  
  61  5:10  Refinery  
  61  5:11  Bunker  
  61  5:14  Bunker, SCV, Supply Depot  
  60  5:17  Marauder  
  60  5:18  Marine  
  60  5:19  SCV, Marine  
  65  5:26  Engineering Bay  
  65  5:31  SCV  
  65  5:37  Factory Reactor  
  65  5:41  SCV  
  65  5:43  SCV, Marauder  
  65  5:44  Medivac, Marauder  
  65  5:45  Marine x2  
  74  5:51  Supply Depot  
  74  5:52  Terran Infantry Weapons Level 1  
  74  5:53  Supply Depot  
  74  6:00  Command Center  
  74  6:05  Marauder x2  
  74  6:06  Marine  
  74  6:07  Marine  
  74  6:10  Medivac  
  82  6:14  Medivac  
  82  6:15  Widow Mine  
  82  6:16  Widow Mine  
  88  6:28  Barracks, Marauder  
  88  6:29  Barracks  
  88  6:31  Marauder  
  95  6:40  Widow Mine x2  
  95  6:45  Medivac  
  95  6:46  Medivac  
  99  6:49  Marauder  
  99  6:52  Marauder  
  101  6:54  Supply Depot x2  
  101  7:00  Marine x2  
  103  7:04  Widow Mine  
  103  7:05  Widow Mine  
  107  7:10  Marauder  
  107  7:13  Marauder  
  103  7:23  Medivac x2  
  103  7:26  Widow Mine  
  103  7:27  Marine x2  
  107  7:32  Marauder  
  107  7:35  Marauder  
  99  7:48  Barracks Tech Lab, Barracks Reactor  
  99  7:53  Marauder  
  99  7:56  Marauder, Marine x2  
  99  7:57  Widow Mine  
  99  7:58  Widow Mine  
  100  8:00  Orbital Command  
  100  8:04  Viking x2  
  104  8:08  Marauder  
  104  8:10  Ghost Academy  
  106  8:14  Marauder, Marine x2  
  106  8:16  Terran Infantry Armor Level 1  
  106  8:18  Marauder  
  106  8:19  Widow Mine  
  114  8:24  Orbital Command, Marine  
  114  8:25  Marine  
  116  8:32  Marine x2  
  119  8:35  Widow Mine  
  119  8:40  Widow Mine, Ghost  
  119  8:41  Ghost  
  125  8:42  Marine x2  
  125  8:43  Marine  
  129  8:49  Marine  
  129  8:50  Marine  
  131  8:57  Orbital Command  
  131  9:00  Marine x2  
  131  9:01  Marine  
  133  9:07  Marine x2  
  134  9:10  Marine  
  134  9:11  Marine  
  134  9:12  Widow Mine x2  
  140  9:18  Marine x2  
  140  9:19  Marine  
  142  9:25  Marine x2, Supply Depot  
  142  9:27  Supply Depot  
  142  9:28  Marine x2  
  142  9:29  Viking x2  
  150  9:36  Marine x2  
  150  9:37  Marine  
  153  9:43  Marine  
  153  9:46  Ghost x2  
  153  9:47  Widow Mine x2  
  153  9:50  Marine  
  162  9:54  Marine x2, Ghost  
  162  9:58  SCV x3  
  166  10:01  Marine  
  166  10:03  Bunker  
  166  10:06  Viking  
  169  10:08  Marine  
  169  10:10  SCV  
  169  10:11  Marine  
  169  10:12  Marine  
  172  10:15  Marine  
  172  10:18  Ghost  
  143  10:35  Viking  
  143  10:41  Marauder x2  
  143  10:42  Viking  
  138  10:44  Marine x3  
  138  10:47  Ghost  
  143  10:52  Widow Mine  
  143  10:53  Widow Mine  
  147  10:58  SCV x2  
  147  10:59  SCV  
  147  11:02  Marauder  
  152  11:05  Viking  
  152  11:07  Marauder, Marine x2  
  152  11:10  SCV  
  159  11:16  Marauder  
  161  11:24  Marauder  
  137  11:38  Marauder, Marine x4  
  137  11:39  Marauder  
  142  11:45  Marine  
  140  11:52  Widow Mine x2  
  140  11:53  Viking x2  
  148  11:56  Marine x4  
  148  11:59  Marine  
  148  12:00  Marauder  
  156  12:01  SCV x2  
  156  12:02  SCV, Marine  
  153  12:14  Marine x3  
  153  12:15  Widow Mine x2  
  156  12:17  Bunker  
  156  12:18  Marauder  
  156  12:22  Marauder x2, Marine  
  162  12:32  Marine x3  
  165  12:39  Marine  
  165  12:40  Marine  
  165  12:44  Marauder  
  169  12:45  Marine  
Tags
 
Add a new tag
Caveats
  • Supply blocks, unpowered buildings, or Contaminate may cause inaccurate times.
  • Supply counts are checked every 10 seconds.